 Dungeon Crawl Stone Soup version 0.29-a0-837-g174bc33265 (webtiles) character file.

Game seed: 11442867903759411435

45 Ijustatesigmund the Firebug (level 3, -1/26 HPs)
             Began as a Hill Orc Fire Elementalist on July 13, 2022.
             Slain by a gnoll
             ... wielding a +0 flail
              (12 damage)
             ... on level 3 of the Dungeon.
             The game lasted 00:02:29 (1895 turns).

Ijustatesigmund the Firebug (HOFE)                  Turns: 1895, Time: 00:02:29

Health: -1/26      AC:  2    Str: 10    XL:     3   Next: 64%
Magic:  4/6        EV: 12    Int: 17    God:
Gold:   55         SH:  0    Dex: 11    Spells: 3/6 levels left

rFire   . . .      SeeInvis .   c - +0 morningstar
rCold   . . .      Faith    .   (no shield)
rNeg    . . .      Spirit   .   a - +0 robe
rPois   .          Reflect  .   (no helmet)
rElec   .          Harm     .   (no cloak)
rCorr   .          Rampage  .   (no gloves)
Will    .....                   (no boots)
Stlth   ++........              (no amulet)
HPRegen 0.08/turn               (no ring)
MPRegen 0.10/turn               (no ring)

@: no status effects
A: no striking features
a: no special abilities


You were on level 3 of the Dungeon.
You visited 1 branch of the dungeon, and saw 3 of its levels.

You collected 55 gold pieces.

Inventory:

Hand Weapons
 c - a +0 morningstar (weapon)
Armour
 a - a +0 robe (worn)
Scrolls
 d - a scroll of enchant armour {unknown}
 e - a scroll of identify {unknown}
 g - a scroll of fear {unknown}
 h - a scroll of teleportation {unknown}
Potions
 b - a potion of magic
 f - a potion of berserk rage {unknown}


   Skills:
 - Level 1.5 Dodging
 - Level 1.5 Stealth
 + Level 2.1 Spellcasting
 + Level 2.0 Conjurations
 + Level 3.9 Fire Magic


You had 3 spell levels left.
You knew the following spells:

 Your Spells              Type           Power      Damage    Failure   Level
a - Foxfire               Conj/Fire      48%        2x1d6     5%          1
b - Scorch                Fire           30%        2d6       6%          2

Your spell library contained the following spells:

 Spells                   Type           Power      Damage    Failure   Level
 Conjure Flame            Conj/Fire      12%        6-21      17%         3
 Inner Flame              Hex/Fire       8%         N/A       26%         3
 Flame Wave               Conj/Fire      12%        2d6       50%         4


Dungeon Overview and Level Annotations

Branches:
Dungeon (3/15)

Altars:
Gozag

Shops:
D:1 =


Message History

Confirm with . or Enter, or press ? or * to list all spells.
You conjure some foxfire!
The gnoll hits you from afar with a +0 spear.
The foxfire hits the gnoll.
The gnoll is almost dead.
The foxfire hits the gnoll.
You kill the gnoll!
Your Conjurations skill increases to level 2!
You climb downwards.
Found an opulent altar of Gozag.
There is a stone staircase leading up here.
Casting: Foxfire (safe; 5% risk of failure)
Confirm with . or Enter, or press ? or * to list all spells.
You conjure some foxfire!
The foxfire hits the orc.
The orc is almost dead.
The foxfire hits the orc.
You kill the orc!
You start resting.
HP restored.
You start resting.
Magic restored.
You are now empty-handed.
You drop a +0 mace.
Things that are here:
a +0 morningstar; an orc corpse
c - a +0 morningstar
c - a +0 morningstar (weapon)
There is a stone staircase leading up here.
You climb upwards.
The gnoll shouts!
The gnoll hits you with a +0 flail! The gnoll hits you with a +0 flail.
There is a stone staircase leading down here.
The gnoll hits you with a +0 flail.
You climb downwards.
There is a stone staircase leading up here.
Casting: Foxfire (safe; 5% risk of failure)
Confirm with . or Enter, or press ? or * to list all spells.
Flames lash the gnoll.
The gnoll is moderately wounded.
The gnoll's fire resistance burns away.
The gnoll hits you with a +0 flail!
You die...

#########
#).......
#†#######
#.# #.#
#@# #g#
#.. ##.#
.. .## _.
.#


You could see a gnoll (combustible).

Vanquished Creatures
  3 gnolls
  An orc (D:3)
  3 ball pythons
  A bat (D:2)
  An endoplasm (D:1)
  A giant cockroach (D:2)
  A hobgoblin (D:1)
  A quokka (D:1)
  A frilled lizard (D:1)
  A goblin (D:1)
  3 rats (D:1)
17 creatures vanquished.

Vanquished Creatures (others)
  63 foxfires
63 creatures vanquished.

Grand Total: 80 creatures vanquished

Notes
Turn   | Place    | Note
-------+----------+-------------------------------------------
     0 | D:1      | Ijustatesigmund the Hill Orc Fire Elementalist began the
                  | quest for the Orb.
     0 | D:1      | Reached XP level 1. HP: 14/14 MP: 3/3
     7 | D:1      | Found Bolopsan's Jewellery Shoppe.
   176 | D:1      | Reached XP level 2. HP: 2/20 MP: 0/4
   465 | D:1      | Learned a level 2 spell: Scorch
  1127 | D:1      | Found a faded altar of an unknown god.
  1735 | D:2      | Reached XP level 3. HP: 25/26 MP: 3/6
  1825 | D:3      | Found an opulent altar of Gozag.
  1895 | D:3      | Slain by a gnoll

Illustrated notes

Levels and vault maps discovered:
D:1:      reono_arrival_mine, layout_basic, serial_curves, eino_curves_03,
          eino_curves_02, hellmonk_ecumenical_altar_crossroads, serial_shops,
          nicolae_shop_stone
D:2:      layout_loops_cross
D:3:      layout_loops_ring, nicolae_gozag_cash_rules_everything_around_me,
          uniq_terence

Skill      XL: |  1  2  3 |
---------------+----------+-----
Spellcasting   | 2 |  2.1
Conjurations   | 2 |  2.0
Dodging        | |  1.5
Stealth        | |  1.5
Fire Magic     | |  3.9

Action                   || total
-------------------------++-------
Melee: Dagger            ||     9
       Mace              ||     2
 Cast: Foxfire           ||    36
       Scorch            ||     1
Armor: Robe              ||     3
Dodge: Dodged            ||    11

Table legend: (Time is in decaauts)
 A = Elapsed time spent in this place.
 B = Non-inter-level travel time spent in this place.
 C = Inter-level travel time spent in this place.
 D = Time resting spent in this place.
 E = Time spent auto-exploring this place.
 F = Levels seen in this place.
 G = Mean time per level.
                   A        B        C        D        E       F      G
               +--------+--------+--------+--------+--------+-----+--------+
         Total |   1894 |   1882 |     12 |    464 |   1250 |   3 |  631.3 |
       Dungeon |   1894 |   1882 |     12 |    464 |   1250 |   3 |  631.3 |
               +--------+--------+--------+--------+--------+-----+--------+

Top non-repeatable levels by time:
     D:1: 1638 daAuts
     D:2: 189 daAuts
     D:3: 67 daAuts
